 Dungeon Crawl Stone Soup version 0.18-a0-337-g1235303 (webtiles) character file.

104 Raultor the Ruffian (level 4, -4/35 HPs)
             Began as a Draconian Transmuter on Nov 28, 2015.
             Slain by an orc warrior
             ... wielding a +0 dire flail
              (13 damage)
             ... on level 2 of the Dungeon.
             The game lasted 00:06:14 (2100 turns).

Raultor the Ruffian (Draconian Transmuter)          Turns: 2100, Time: 00:06:14

Health: -4/35      AC:  5    Str: 14    XL:     4   Next: 52%
Magic:  2/7        EV: 12    Int: 13    God:
Gold:   103        SH:  0    Dex: 11    Spells: 2 memorised, 4 levels left

rFire  . . .     SeeInvis .       - Unarmed
rCold  . . .     Clarity  .     (armour unavailable)
rNeg   . . .     SustAt   .     (no shield)
rPois  .         Gourm    .     (helmet restricted)
rElec  .         Spirit   .     (no cloak)
rCorr  .         Warding  .     (no gloves)
rMut   .         Stasis   .     (boots currently unavailable)
MR     .....                    i - amulet of rage
Stlth  +.........               (no ring)
                                (no ring)

@: appendage, not resistant to hostile enchantments, very unstealthy
A: unfitting armour, talons 3, cold-blooded, AC +5
a: End Transformation, Evoke Berserk Rage


You were on level 2 of the Dungeon.
You were not hungry.
You had grown temporary talons.
You visited 1 branch of the dungeon, and saw 3 of its levels.

You collected 103 gold pieces.

Inventory:

Missiles
 a - 20 arrows
Jewellery
 i - an amulet of rage (around neck)
Scrolls
 d - 2 scrolls of amnesia {unknown}
 e - a scroll of fear {unknown}
 g - a scroll of blinking {unknown}
 h - a scroll of fog {unknown}
 k - 2 scrolls of identify {unknown}
 p - a scroll of noise {unknown}
Potions
 j - a potion of degeneration {unknown}
 l - a potion of poison {unknown}
 m - a potion of cure mutation {unknown}
 o - 2 potions of resistance {unknown}
Books
 b - a book of Changes

   Spells                             Type                      Level
   a - Beastly Appendage              Transmutation                1
   b - Sticks to Snakes               Transmutation                2
   c - Spider Form                    Transmutation/Poison         3
   d - Ice Form                       Ice/Transmutation            4
   e - Blade Hands                    Transmutation                5
Comestibles
 c - 2 bread rations
 f - a beef jerky
 n - 2 chunks of flesh
 q - a meat ration


   Skills:
 - Level 1.1 Fighting
 - Level 1.7 Dodging
 + Level 4.4 Unarmed Combat
 - Level 2.0 Spellcasting
 * Level 3.5 Transmutations


You had 4 spell levels left.
You knew the following spells:

 Your Spells              Type           Power        Failure   Level  Hunger
a - Beastly Appendage     Trmt           ##....       8%          1    ##.....
b - Sticks to Snakes      Trmt           ##......     10%         2    ###....


Dungeon Overview and Level Annotations

Branches:
Dungeon (3/15)

Altars:
Cheibriados
Fedhas
Gozag
Sif Muna
The Shining One


Innate Abilities, Weirdness & Mutations

Your plain brown scales are hard (AC +5).
Your body does not fit into most forms of armour.
You are cold-blooded and may be slowed by cold attacks.
You have claws for feet.


Message History

Casting: Sticks to Snakes
Confirm with . or Enter, or press ? or * to list all spells.
You create a snake!
Your ball python bites the orc warrior but does no damage.
Your ball python grabs the orc warrior.
Your ball python constricts the orc warrior.
The orc warrior hits your ball python with a dire flail!!
Your ball python dies!
Casting: Sticks to Snakes
Confirm with . or Enter, or press ? or * to list all spells.
Your feet morph into talons.
The orc warrior hits your ball python with a dire flail.
Your ball python dies!
You hit the orc warrior but do no damage.
The orc warrior hits you with a dire flail!
* * * LOW HITPOINT WARNING * * *
You hit the orc warrior but do no damage.
Your kick misses the orc warrior.
The orc warrior hits you with a dire flail!
You die...

#########
#.....##.####.##
##. ####.##..#
#.# ##
###....†.## #.#
# #.......##
###.#### #
#.#.#.#.#
#......# #
#.#...#.#
#...##.# #
#.#..##.#
#..###.### #
#.#..>o.#
#..#.##..# #
#...###@##
#..#..##.# #
##.## ##.#
######.#.# # #.#
#.# #######.## #
#.## ##.#
#..##.##.# #
##.###.##
#.##.#.#.# #
##.(.##
#.##.##..####
##.##
#.###.####...
#.######.####_#
####
#...........###


You could see an orc warrior.

Vanquished Creatures
  2 adders (D:2)
  An ooze (D:2)
  A worm (D:2)
  6 giant geckos
  8 bats
  4 giant cockroaches
  10 goblins
  A hobgoblin (D:1)
  8 kobolds
  3 giant newts
  11 jackals
  2 quokkas
  3 rats
60 creatures vanquished.

Vanquished Creatures (collateral kills)
  An adder (D:2)
  2 worms (D:2)
  A rat (D:2)
4 creatures vanquished.

Grand Total: 64 creatures vanquished

Notes
Turn   | Place    | Note
--------------------------------------------------------------
     0 | D:1      | Raultor the Draconian Transmuter began the quest for the Orb.
     0 | D:1      | Reached XP level 1. HP: 16/16 MP: 3/3
   109 | D:1      | Reached XP level 2. HP: 10/23 MP: 3/5
   533 | D:1      | Reached XP level 3. HP: 28/28 MP: 6/6
   870 | D:2      | Reached skill level 4 in Unarmed Combat
  1024 | D:2      | Found a faded altar to an unknown god.
  1101 | D:2      | Learned a level 2 spell: Sticks to Snakes
  1293 | D:2      | Reached XP level 4. HP: 18/35 MP: 4/7
  1462 | D:2      | Found a deep blue altar of Sif Muna.
  1506 | D:2      | Found a glowing golden altar of the Shining One.
  1508 | D:2      | Found an opulent altar of Gozag.
  1831 | D:2      | Found a blossoming altar of Fedhas.
  2033 | D:2      | Found a snail-covered altar of Cheibriados.
  2086 | D:3      | Noticed an orc warrior
  2100 | D:2      | Slain by an orc warrior

Vault maps used:
D:1:      eino_arrival_cavern_d, minmay_misc_feat_five
D:2:      marbit_many_paths, lemuel_round_altar, nicolae_overflow_hidden_temple,
          ecumenical_altar_1, fedhas_altar_3

Action                   |  1- 3 |  4- 6 || total
-------------------------+-------+-------++-------
Melee: Unarmed           |   168 |    77 ||   245
 Cast: Beastly Appendage |     6 |     3 ||     9
       Sticks to Snakes  |     4 |     2 ||     6
 Stab: Sleeping          |       |     1 ||     1
  Eat: Chunk             |     2 |     3 ||     5
